 Dungeon Crawl Stone Soup version 0.31.0-1-g2c135a008e (webtiles) character file.

Game seed: 8692012103642875281

78 qw the Shooter (level 4, -3/35 HPs)
             Began as a Djinni Hunter on Jan 24, 2024.
             Slain by Sigmund
             ... wielding a +0 scythe
              (9 damage)
             ... on level 2 of the Dungeon.
             The game lasted 00:00:07 (1277 turns).

qw the Shooter (Djinni Hunter)                      Turns: 1277, Time: 00:00:07

Health: -3/35      AC:  6    Str: 16    XL:     4   Next: 61%
Gold:   110        EV: 11    Int: 11    God:
                   SH:  0    Dex: 18

rFire   + + .        a - +0 shortbow
rCold   x . .        (shield currently unavailable)
rNeg    . . .        d - +0 ring mail
rPois   inf          (no helmet)
rElec   .            f - +0 cloak
rCorr   .            (no gloves)
SInv    .            (boots unavailable)
Will    +....        (no amulet)
Stlth   +            e - +6 ring of strength
HPRegen 0.25/turn    (no ring)
MPRegen 0.00/turn

%: infuse magic (-4 HP)
@: enlightened, flying
A: sickness immunity, fire resistance 2, cold vulnerability 1, float, innate
caster, HP casting, extra vitality 1
a: no special abilities


You were on level 2 of the Dungeon.
You visited 1 branch of the dungeon, and saw 2 of its levels.

You collected 110 gold pieces.


Innate Abilities, Weirdness & Mutations

You are immune to sickness and miasma.
You are immune to poison.
Your flesh is very heat resistant. (rF++)
You are vulnerable to cold. (rC-)
You float through the air rather than walking.
You learn spells naturally, not from books.
Your magical power is your life essence.
You have superior vitality. (+4 MHP)


   Skills:
 - Level 3.0 Fighting
 - Level 4.0 Ranged Weapons
 - Level 1.0 Armour
 + Level 2.6 Dodging
 - Level 0.7 Stealth


You knew the following spells:

 Your Spells              Type           Power      Damage    Failure   Level
a - Summon Small Mammal   Summ           0%         N/A       56%         1
Your spell library was empty.

Inventory:

Hand Weapons
 a - a +0 shortbow (weapon)
Armour
 b - a +0 helmet
 d - a +0 ring mail (worn)
 f - a +0 cloak (worn)
Jewellery
 e - a +6 ring of strength (left hand)
Potions
 c - 2 potions of enlightenment
 h - a potion of cancellation {unknown}
 k - a potion of haste

Dungeon Overview and Level Annotations

Branches:
Dungeon (2/15)

Altars:

Annotations:
D:2 Sigmund


Message History

You shoot an arrow. Something hits you!
1254 ||| FLEEEEING.
1255 ||| FLEEEEING.
1256 ||| FLEEEEING.
1257 ||| FLEEEEING.
1258 ||| FLEEEEING.
1259 ||| FLEEEEING.
1260 ||| FLEEEEING.
1261 ||| FLEEEEING.
1262 ||| FLEEEEING.
1263 ||| FLEEEEING.
1264 ||| FLEEEEING.
1265 ||| FLEEEEING.
1266 ||| FLEEEEING.
You shoot an arrow. The arrow hits the kobold.
The kobold is severely wounded.
The kobold barely misses you.
You shoot an arrow. The arrow misses the kobold.
The kobold hits you with a +0 short sword.
You shoot an arrow. The arrow closely misses the kobold.
Something barely misses you. The kobold closely misses you.
You shoot an arrow. The arrow hits the kobold.
You kill the kobold!
Something hits you but does no damage.
You shoot an arrow. Something hits you but does no damage.
You shoot an arrow. Something hits you but does no damage.
You shoot an arrow. Something hits you but does no damage.
You shoot an arrow. Something hits you!
You shoot an arrow. Something hits you!
You shoot an arrow. You shoot an arrow.
A magic dart appears from out of thin air!
The magic dart hits you. Something hits you!
You die...

........# #######.# # ####.####
####.....#.# ......####.# #####
####..<....# #...# #..#..#.#
#...#
###....#.########...###########
#.............@){..............
#####..#.########...#########..
#.....# #...# #.) #..#### #...#
#.. ##..##### #...# #..
##>......### #...# #..
#|.....)...#####)..# #..
#......%##....##%..# #..
#.......#####..#...#


There were no monsters in sight!

Vanquished Creatures
  Robin (D:2)
  An adder (D:2)
  A ribbon worm (D:2)
  6 ball pythons
  An endoplasm (D:1)
  3 giant cockroaches
  5 hobgoblins
  2 kobolds
  4 quokkas
  2 bats
  2 frilled lizards
  16 goblins
  4 rats
48 creatures vanquished.

Notes
Turn   | Place    | Note
-------+----------+-------------------------------------------
     0 | D:1      | qw the Djinni Hunter began the quest for the Orb.
     0 | D:1      | Reached XP level 1. HP: 18/18 MP: 0/0
     0 | D:1      | 0 ||| qw: Version: 0.3-a-136-gdd3b4e8
     0 | D:1      | 0 ||| qw: Game counter: 1459
     0 | D:1      | 0 ||| qw: Melee chars always use a shield: true
     0 | D:1      | 0 ||| qw: God list: Okawaru
     0 | D:1      | 0 ||| qw: Allow faded altars: false
     0 | D:1      | 0 ||| qw: Do Orc after clearing Dungeon:15 true
     0 | D:1      | 0 ||| qw: Do second Lair branch before Depths: true
     0 | D:1      | 0 ||| qw: Lair rune preference: random
     0 | D:1      | 0 ||| qw: Goals: Normal
     0 | D:1      | 0 ||| PLANNING D:1-11
    38 | D:1      | Reached XP level 2. HP: 23/23 MP: 0/0
   208 | D:1      | Reached XP level 3. HP: 28/28 MP: 0/0
   208 | D:1      | Learned a level 1 spell: Summon Small Mammal
   291 | D:1      | Reached skill level 4 in Ranged Weapons
   705 | D:1      | 705 ||| UPGRADING to +0 ring mail.
   715 | D:1      | 715 ||| DROPPING +0 leather armour.
   716 | D:1      | 716 ||| UPGRADING to +0 cloak.
   721 | D:1      | 721 ||| UPGRADING to +6 ring of strength.
   722 | D:1      | 722 ||| READING scroll labelled YSMUSCH FAWN.
   722 | D:1      | 722 ||| IDENTIFYING amethyst potion
   723 | D:1      | 723 ||| READING scroll labelled FAUNUR XYTAXA.
   724 | D:1      | 724 ||| DRINKING 2 metallic yellow potions.
   779 | D:1      | 779 ||| DRINKING 2 sapphire potions.
   780 | D:1      | 780 ||| DROPPING scroll of butterflies.
   781 | D:1      | 781 ||| DROPPING potion of lignification.
   782 | D:1      | 782 ||| DROPPING potion of degeneration.
   849 | D:2      | Noticed Robin
   862 | D:2      | 862 ||| RETREEEEATING.
   863 | D:2      | 863 ||| RETREEEEATING.
   869 | D:2      | Reached skill level 1 in Armour
   873 | D:2      | Killed Robin
   874 | D:2      | Reached XP level 4. HP: 19/34 MP: 0/0
   874 | D:2      | Identified the +7 dagger "Eviscerator" {spect, rC+ Str+3
                  | Int+5}
  1004 | D:2      | 1004 ||| FLEEEEING.
  1005 | D:2      | 1005 ||| FLEEEEING.
  1006 | D:2      | 1006 ||| FLEEEEING.
  1007 | D:2      | 1007 ||| FLEEEEING.
  1008 | D:2      | 1008 ||| FLEEEEING.
  1009 | D:2      | 1009 ||| FLEEEEING.
  1010 | D:2      | 1010 ||| FLEEEEING.
  1011 | D:2      | 1011 ||| FLEEEEING.
  1012 | D:2      | 1012 ||| FLEEEEING.
  1013 | D:2      | 1013 ||| FLEEEEING.
  1014 | D:2      | 1014 ||| FLEEEEING.
  1015 | D:2      | 1015 ||| FLEEEEING.
  1016 | D:2      | 1016 ||| FLEEEEING.
  1017 | D:2      | 1017 ||| FLEEEEING.
  1018 | D:2      | 1018 ||| FLEEEEING.
  1019 | D:2      | 1019 ||| FLEEEEING.
  1020 | D:2      | 1020 ||| FLEEEEING.
  1021 | D:2      | 1021 ||| FLEEEEING.
  1022 | D:2      | 1022 ||| FLEEEEING.
  1023 | D:2      | 1023 ||| FLEEEEING.
  1024 | D:2      | 1024 ||| FLEEEEING.
  1030 | D:2      | Reached skill level 3 in Fighting
  1238 | D:2      | Noticed Sigmund
  1247 | D:2      | 1247 ||| DRINKING 3 fuming purple potions.
  1248 | D:2      | 1248 ||| DRINKING bubbling inky potion.
  1250 | D:2      | 1250 ||| FLEEEEING.
  1251 | D:2      | 1251 ||| FLEEEEING.
  1254 | D:2      | 1254 ||| FLEEEEING.
  1255 | D:2      | 1255 ||| FLEEEEING.
  1256 | D:2      | 1256 ||| FLEEEEING.
  1257 | D:2      | 1257 ||| FLEEEEING.
  1258 | D:2      | 1258 ||| FLEEEEING.
  1259 | D:2      | 1259 ||| FLEEEEING.
  1260 | D:2      | 1260 ||| FLEEEEING.
  1261 | D:2      | 1261 ||| FLEEEEING.
  1262 | D:2      | 1262 ||| FLEEEEING.
  1263 | D:2      | 1263 ||| FLEEEEING.
  1264 | D:2      | 1264 ||| FLEEEEING.
  1265 | D:2      | 1265 ||| FLEEEEING.
  1266 | D:2      | 1266 ||| FLEEEEING.
  1277 | D:2      | HP: 6/35 [something/magic dart (4)]
  1277 | D:2      | Slain by Sigmund

Levels and vault maps discovered:
D:1:      dpeg_arrival_long_road, layout_basic, kennysheep_doodads
D:2:      layout_basic, dreamdust_ecumenical_altar_statues,
          hangedman_decor_opposing, uniq_sigmund, uniq_robin

Skill      XL: |  1  2  3  4 |
---------------+-------------+-----
Ranged Weapons | 4 |  4.0
Armour         | 1 |  1.0
Fighting       | 3 |  3.0
Dodging        | |  2.6
Stealth        | |  0.7

Action                     |  1- 3 |  4- 6 || total
---------------------------+-------+-------++-------
   Fire: Shortbow          |    78 |    79 ||   157
    Use: Potion            |     2 |     2 ||     4
         Scroll            |     2 |       ||     2
 Armour: Leather armour    |     8 |       ||     8
         Ring mail         |    20 |    58 ||    78
  Dodge: Dodged            |    21 |    34 ||    55

Table legend:
 A = Non-vault XP
 B = Vault XP
 C = Vault XP percentage of total XP
 D = Non-vault monster count
 E = Vault monster count
 F = Vault count percentage of total count
                 A         B        C        D         E       F
            +---------+---------+-------+---------+---------+-------
      Total |      78 |      34 |  30.4 |      37 |      11 |  22.9
            +---------+---------+-------+---------+---------+-------
        D:1 |      39 |       0 |   0.0 |      23 |       0 |   0.0
        D:2 |      39 |      34 |  46.6 |      14 |      11 |  44.0
            +---------+---------+-------+---------+---------+-------
